 Dungeon Crawl Stone Soup version 0.29-a0-251-g80730f7218 (console) character file.

Game seed: 10710493606243217313

28 petzl the Vexing (level 3, -3/26 HPs)
             Began as a Formicid Arcane Marksman on Mar 5, 2022.
             Slain by Terence
             ... wielding a +0 flail
              (6 damage)
             ... on level 2 of the Dungeon on Mar 6, 2022.
             The game lasted 00:02:49 (1061 turns).

petzl the Vexing (Formicid Arcane Marksman)         Turns: 1061, Time: 00:02:50

Health: -3/26      AC:  6    Str: 14    XL:     3   Next: 30%
Magic:  4/6        EV: 10    Int: 14    God:
Gold:   31         SH:  0    Dex: 11    Spells: 5/6 levels left

rFire   . . .      SeeInvis +   a - +0 hand crossbow
rCold   . . .      Faith    .   (no shield)
rNeg    . . .      Spirit   .   i - +0 ring mail
rPois   .          Reflect  .   (helmet unavailable)
rElec   .          Harm     .   (no cloak)
rCorr   .          Rampage  .   (no gloves)
Will    .....                   j - +0 pair of boots
Stlth   +.........              (no amulet)
HPRegen 0.08/turn               (no ring)
MPRegen 0.10/turn               (no ring)

@: no status effects
A: permanent stasis, dig shafts and tunnels, antennae 3, four strong arms
a: Dig, Shaft Self


You were on level 2 of the Dungeon.
You visited 1 branch of the dungeon, and saw 2 of its levels.

You collected 64 gold pieces.
You spent 33 gold pieces at shops.

Inventory:

Hand Weapons
 a - a +0 hand crossbow (weapon)
Armour
 b - a +0 robe
 i - a +0 ring mail (worn)
 j - a +0 pair of boots (worn)
Jewellery
 k - a ring of poison resistance
Scrolls
 d - a scroll of acquirement {unknown}
Potions
 c - a potion of brilliance {unknown}
 e - a potion of degeneration {unknown}
 f - a potion of haste {unknown}
 g - a potion of lignification {unknown}
 h - 3 potions of curing


   Skills:
 + Level 1.5 Fighting
 + Level 2.1 Crossbows
 + Level 0.8 Armour
 + Level 2.0 Dodging
 + Level 1.1 Stealth
 * Level 2.0 Spellcasting
 - Level 3.6 Hexes


You had 5 spell levels left.
You knew the following spells:

 Your Spells              Type           Power      Damage    Failure   Level
a - Slow                  Hex            44%        N/A       11%         1

Your spell library contained the following spells:

 Spells                   Type           Power      Damage    Failure   Level
 Inner Flame              Hex/Fire       6%         N/A       56%         3
 Portal Projectile        Hex/Tloc       12%        N/A       56%         3
 Cause Fear               Hex            5%         N/A       73%         4
 Frozen Ramparts          Ice            2%         1d2       82%         3
 Ice Form                 Ice/Tmut       1%         N/A       99%         4
 Summon Ice Beast         Ice/Summ       1%         N/A       99%         4


Dungeon Overview and Level Annotations

Branches:
Dungeon (2/15)

Altars:

Shops:
D:1 !

Annotations:
D:2 Terence


Innate Abilities, Weirdness & Mutations

You cannot be hasted, slowed, berserked, paralysed or teleported.
You can dig through walls and to a lower floor.
You have a pair of large antennae on your head. (SInv)
Your four strong arms can wield two-handed weapons with a shield.


Message History

No target in view!
No target in view!
Terence the Incautious comes into view.
He is wielding a +0 flail.
Found an escape hatch in the floor.
Terence shouts!
Terence is nearby!
Terence is nearby!
Terence is nearby!
You shoot a bolt. The bolt hits Terence.
Terence is moderately wounded.
No target in view!
No target in view!
No target in view!
Casting: Slow (safe; 11% risk of failure)
Confirm with . or Enter, or press ? or * to list all spells.
Aiming: Slow (safe; 11% risk of failure)
Press: ? - help, Shift-Dir - straight line, f/p - Terence
Aim: Terence, wielding a +0 flail and wearing a +0 chain mail (moderately wounded, chance to affect: 58%) Terence resists with significant effort.
Casting: Slow (safe; 11% risk of failure)
Confirm with . or Enter, or press ? or * to list all spells.
Aiming: Slow (safe; 11% risk of failure)
Press: ? - help, Shift-Dir - straight line, f/p - Terence
Aim: Terence, wielding a +0 flail and wearing a +0 chain mail (moderately wounded, chance to affect: 58%) Terence resists with significant effort.
Terence drinks a potion.
Terence goes berserk!
You shoot a bolt.
The bolt hits Terence but does no damage.
Terence is moderately wounded.
Terence hits you with a +0 flail!
You hear a shout!
You shoot a bolt. The bolt hits Terence.
Terence is moderately wounded.
Terence hits you with a +0 flail!
* * * LOW HITPOINT WARNING * * *
Terence hits you with a +0 flail.
* * * LOW HITPOINT WARNING * * *
Are you sure you want to shaft yourself?
Terence hits you with a +0 flail.
You die...

## .# .# #. .. .# #. ... .# #.
.... .#
#.#####....##############.####.#
#.....................@@........
#...................#####.####..
#.....................###.#
.##..<.#######............#.>
≈≈≈≈........^#######......####
###≈#.######.#>.........###
≈≈≈#.#.####.#######.#....#
≈#≈≈..#.#..#.#.......#....#
#≈≈..#.#.##.####..#.###....
#≈≈#.#.#.##.# #..#.# ....
≈≈≈..#.#.##.# #..#.# #.#
###≈..#.#.##.####..#.# ..
≈≈≈≈#.#.#.#.....#..#.#
###...#.#.#.#####..#.#
##..#.#.#.# #..#.# #..#.#.#.#
#..#.# #....#.#.# #..#.#
##.#.#.#.#####..#.#
#.###.#........#.#


You could see Terence (berserk).

Vanquished Creatures
  2 dart slugs (D:1)
  4 bats
  2 endoplasms (D:1)
  A giant cockroach (D:1)
  2 goblins (D:1)
  A hobgoblin (D:1)
  3 kobolds (D:1)
  A quokka (D:1)
  A ball python (D:1)
  3 frilled lizards (D:1)
  5 rats
25 creatures vanquished.

Notes
Turn   | Place    | Note
-------+----------+-------------------------------------------
     0 | D:1      | petzl the Formicid Arcane Marksman began the quest for the
                  | Orb.
     0 | D:1      | Reached XP level 1. HP: 15/15 MP: 2/2
     7 | D:1      | Noticed a wolf
     7 | D:1      | Noticed a swamp worm
     7 | D:1      | Noticed a redback
     9 | D:1      | Noticed a black mamba
     9 | D:1      | Noticed a black bear
   126 | D:1      | Reached XP level 2. HP: 21/21 MP: 4/4
   430 | D:1      | Reached XP level 3. HP: 26/26 MP: 5/5
   500 | D:1      | Reached skill level 1 in Stealth
   513 | D:1      | Found Yzafeiv's Distillery.
   521 | D:1      | Bought a potion of curing for 33 gold pieces
  1053 | D:2      | Noticed Terence
  1061 | D:2      | Slain by Terence

Illustrated notes

Levels and vault maps discovered:
D:1:      onia_arrival_zoo_common, layout_loops_ring, serial_shops,
          nicolae_square_shop
D:2:      layout_basic, serial_shops, shop_coins, hangedman_decor_push,
          minmay_crystal_water, roderic_roman_lattice, corner_web_ring,
          wad_floor_pattern_2, uniq_terence

Skill      XL: |  1  2  3 |
---------------+----------+-----
Dodging        | 2 |  2.0
Stealth        | 1 |  1.1
Spellcasting   | 2 |  2.0
Fighting       | |  1.5
Crossbows      | |  2.1
Armour         | |  0.8
Hexes          | |  3.6

Action                   || total
-------------------------++-------
 Fire: Hand crossbow     ||    83
 Cast: Slow              ||     2
 Abil: Shaft Self        ||     1
Armor: Robe              ||     9
       Ring mail         ||     4
Dodge: Dodged            ||    25

Table legend: (Time is in decaauts)
 A = Elapsed time spent in this place.
 B = Non-inter-level travel time spent in this place.
 C = Inter-level travel time spent in this place.
 D = Time resting spent in this place.
 E = Time spent auto-exploring this place.
 F = Levels seen in this place.
 G = Mean time per level.
                   A        B        C        D        E       F      G
               +--------+--------+--------+--------+--------+-----+--------+
         Total |   1095 |    931 |    164 |      0 |    728 |   2 |  547.5 |
       Dungeon |   1095 |    931 |    164 |      0 |    728 |   2 |  547.5 |
               +--------+--------+--------+--------+--------+-----+--------+

Top non-repeatable levels by time:
     D:1: 934 daAuts
     D:2: 160 daAuts
